[Event "Late-Titled-Tuesday-Blitz-September-05-2023"]
[Site "Chess.com"]
[Date "2023.09.05"]
[Round "7"]
[White "Aradhya2000"]
[Black "SalihEke"]
[Result "0-1"]
[WhiteElo "2712"]
[BlackElo "2550"]
[TimeControl "180+1"]
[EndTime "15:17:46 PDT"]
[Termination "SalihEke won by checkmate"]

1. d4 d5 2. c4 c6 3. Nc3 Nf6 4. Nf3 Bf5 5. cxd5 cxd5 6. Qb3 Qc8 7. Nxd5 Nxd5 8. Qxd5 e6 9. Qb5+ Nc6 10. Bf4 a6 11. Qb3 Bb4+ 12. Bd2 Bxd2+ 13. Kxd2 O-O 14. e3 e5 15. Be2 exd4 16. Nxd4 Rd8 17. Rhd1 Qc7 18. Ke1 Nxd4 19. exd4 Qxh2 20. Qg3 Qh1+ 21. Kd2 Rxd4+ 22.
Kc3 Rxd1 23. Rxd1 Rc8+ 24. Kb4 Qh6 25. Qc7 Qf6 26. Qd6 Qxb2+ 27. Ka5 Qxe2 28. Kb6 Qxf2+ 29.
Kxb7 Qxg2+ 30. Kb6 Qb2+ 31. Ka7 h5 32. Rd2 Qb5 33.
Rd5 Qf1 34. a4 Qf2+ 35. Kxa6 Ra8+ 36. Kb5 Qb2+ 37. Kc5 Rc8+ 38. Qc6 Rxc6+ 39. Kxc6 Be4 40. Kc5 Bxd5 41. Kxd5 h4 42. Ke4 h3 43. Kf4 h2 44.
Kg4 h1=Q 45. Kf4 Qe2 46. a5 Qhe4+ 47. Kg3 Q2g4+ 48. Kf2 Qee2# 0-1

[Event "Late-Titled-Tuesday-Blitz-September-05-2023"]
[Site "Chess.com"]
[Date "2023.09.05"]
[Round "7"]
[White "NoGalloNoParty"]
[Black "Jenia84"]
[Result "1/2-1/2"]
[WhiteElo "2542"]
[BlackElo "2331"]
[TimeControl "180+1"]
[EndTime "15:17:46 PDT"]
[Termination "Game drawn by agreement"]

1. d4 Nf6 2. Nf3 e6 3. e3 b6 4. b3 Bb7 5. Bb2 c5 6. Be2 cxd4 7. exd4 Be7 8. O-O O-O 9. c4 d5 10. Nc3 dxc4 11. bxc4 Nc6 12. Qd2 Na5 13. Ne5 Rc8 14. Rac1 Bb4 15. Qe3 Nd7 16. Ne4 Nxe5 17. dxe5 Bxe4 18.
Qxe4 Qd2 19. Bd3 g6 20. Rc2 Qg5 21. Bc1 Qf5 22. Qe2 Qh5 23. Qxh5 gxh5 24. Bg5 Rfe8 25. Rfc1 Be7 26. Bxe7 Rxe7 27. c5 Rec7 28. cxb6 Rxc2 29. Bxc2 Kg7 30. bxa7 Ra8 31. h4 Rxa7 32. Bd1 Kh6 33. Rc5 Rd7 34. Bf3 Nb7 35. Bxb7 Rxb7 36. a4 Rb1+ 37.
Kh2 Rb4 38. Kg3 Rxa4 39. f3 Rb4 40. Rc8 Kg7 41. Rc7 Kg6 42. Rc8 1/2-1/2

[Event "Late-Titled-Tuesday-Blitz-September-05-2023"]
[Site "Chess.com"]
[Date "2023.09.05"]
[Round "7"]
[White "BeautiFullMindChess"]
[Black "TheRigos"]
[Result "0-1"]
[WhiteElo "2362"]
[BlackElo "2558"]
[TimeControl "180+1"]
[EndTime "15:17:47 PDT"]
[Termination "TheRigos won on time"]

1. e4 e5 2. Nf3 Nc6 3. d4 exd4 4. Nxd4 Bc5 5. Nb3 Bb4+ 6. Nc3 Nf6 7. Bd3 d5 8. exd5 Nxd5 9. O-O Nxc3 10. bxc3 Bxc3 11.
Ba3 Bxa1 12. Re1+ Be5 13. Qh5 Qf6 14. Bb5 Be6 15. Bxc6+ bxc6 16. Rxe5 O-O-O 17. Qe2 Rd1+ 18. Qxd1 Qxe5 19. Qf1 Rd8 20. Qa6+ Kb8 21. g3 Rd1+ 22. Kg2 Qh5 23. f3 Qh3+ 24. Kf2 Qxh2+ 25. Ke3 Qg1+ 26. Kf4 g5+ 27. Ke5 Qxg3+ 28. Kf6 Qf4+ 29. Ke7 g4 30.
Nc5 Qg5+ 0-1

[Event "Late-Titled-Tuesday-Blitz-September-05-2023"]
[Site "Chess.com"]
[Date "2023.09.05"]
[Round "7"]
[White "Casper"]
[Black "JG-17"]
[Result "0-1"]
[WhiteElo "2450"]
[BlackElo "2604"]
[TimeControl "180+1"]
[EndTime "15:17:48 PDT"]
[Termination "JG-17 won on time"]

1. e4 c5 2. d4 cxd4 3. Qxd4 Nc6 4. Qe3 d6 5. Nc3 Nf6 6. Bd2 g6 7. O-O-O Bg7 8. Nd5 O-O 9. Bc3 Nxd5 10. exd5 Bxc3 11.
Qxc3 Ne5 12. h3 Bf5 13. Rd2 Rc8 14. Qb4 Qc7 15. c3 a5 16. Qd4 Nc4 17. Bxc4 Qxc4 18. Qxc4 Rxc4 19. Ne2 b5 20. b3 Rc5 21. Kb2 Rfc8 22. f3 R8c7 23. Re1 Bc8 24. Nd4 Rxd5 25. Rde2 e5 26. Nc2 Rdc5 27. Re3 f5 28. Rd1 R7c6 29.
Red3 Kf7 30. Ne3 f4 31. b4 fxe3 32. bxc5 e2 33. Re1 Rxc5 34. Rxd6 Ke7 35. Rd2 Be6 36. Rexe2 Kf6 37. Rd6 h5 38. f4 Ke7 0-1

[Event "Late-Titled-Tuesday-Blitz-September-05-2023"]
[Site "Chess.com"]
[Date "2023.09.05"]
[Round "7"]
[White "boguszp"]
[Black "Nekoo04"]
[Result "0-1"]
[WhiteElo "2054"]
[BlackElo "2303"]
[TimeControl "180+1"]
[EndTime "15:17:52 PDT"]
[Termination "Nekoo04 won on time"]

1. d4 Nf6 2. Bf4 d5 3. Nf3 c5 4. c3 Nc6 5. e3 Qb6 6. Qb3 c4 7. Qc2 Bf5 8. Qc1 h6 9. Nbd2 e6 10. h3 Qd8 11. Be2 Bd6 12. Ne5 Bxe5 13. Bxe5 Nxe5 14.
dxe5 Nd7 15. Nf3 Qc7 16. Nd4 Qxe5 17. f4 Qf6 18. O-O Nc5 19. Nxf5 Qxf5 20. Bf3 O-O 21. Qd2 Rad8 22. g4 Qg6 23. Kh2 Nd3 24. Rg1 e5 25. f5 Qc6 26. Rg2 e4 27. Be2 Qd6+ 28. Kh1 g6 29. Rf1 Kh7 30. Bxd3 cxd3 31. Qf2 Qe7 32. Qf4 g5 33. Qf2 f6 34. h4 Kg7 35.
Qg3 b5 36. Qh3 b4 37. Rh2 Rh8 0-1

[Event "Late-Titled-Tuesday-Blitz-September-05-2023"]
[Site "Chess.com"]
[Date "2023.09.05"]
[Round "7"]
[White "PawnEatingZombie"]
[Black "queen_iryna"]
[Result "0-1"]
[WhiteElo "2088"]
[BlackElo "2329"]
[TimeControl "180+1"]
[EndTime "15:17:54 PDT"]
[Termination "queen_iryna won by checkmate"]

1. e4 d6 2. d4 Nf6 3. Bd3 e5 4. c3 d5 5. dxe5 Nxe4 6. Nf3 Nc6 7. Bf4 Nc5 8. Bc2 Bg4 9. O-O Be7 10. h3 Bh5 11.
Re1 Ne6 12. Bh2 Bg6 13. Nbd2 Qd7 14. Ba4 Nc5 15. Nd4 Nxa4 16. Qxa4 Nxd4 17. Qxd7+ Kxd7 18. cxd4 Rac8 19. f4 c5 20. dxc5 Bxc5+ 21. Kh1 Bb4 22. Re2 Rc2 23. Rd1 Rxb2 24. g4 Bxd2 25. Rexd2 Rxd2 26.
Rxd2 Be4+ 27. Kg1 Rc8 28. Kf2 b5 29. f5 a5 30. h4 b4 31. Bf4 a4 32. Be3 b3 33.
axb3 axb3 34. Bd4 Rc4 35. Ke3 Kc6 36. Rb2 Bc2 37. g5 Kb5 38. e6 fxe6 39. fxe6 Rc6 40. Bxg7 Rxe6+ 41. Kd2 Kc4 42. h5 d4 43. g6 hxg6 44.
h6 d3 45. h7 Re2+ 46. Kc1 d2# 0-1

[Event "Late-Titled-Tuesday-Blitz-September-05-2023"]
[Site "Chess.com"]
[Date "2023.09.05"]
[Round "7"]
[White "djano"]
[Black "Grossboss19"]
[Result "1-0"]
[WhiteElo "2627"]
[BlackElo "2488"]
[TimeControl "180+1"]
[EndTime "15:17:55 PDT"]
[Termination "djano won by checkmate"]

1. d4 Nf6 2. Bf4 d5 3. e3 c5 4. Nf3 Nc6 5. Nbd2 Bg4 6. c3 e6 7. h3 Bh5 8. Bb5 Bd6 9. Qa4 Qc7 10. dxc5 Bxf4 11. Qxf4 Qxf4 12. exf4 Bxf3 13. Nxf3 Ne4 14. Nd4 Kd7 15. Nb3 a6 16. Bd3 Nf6 17. Nd4 Rhc8 18. b4 a5 19. Bb5 Ne4 20. Ne2 Ke7 21. Bxc6 Rxc6 22. f3 Nf6 23. Nd4 Rcc8 24. a3 b6 25.
cxb6 Rxc3 26. b5 Nd7 27. b7 Re8 28. Nc6+ Kd6 29. Kd2 Rc5 30. a4 Nb8 31. Nxa5 Kc7 32. Rab1 Kb6 33. Nb3 Rc4 34. a5+ Kxb5 35. Nd4+ Ka6 36.
Kd3 Rc7 37. Rb6+ Ka7 38. Nb5# 1-0

[Event "Late-Titled-Tuesday-Blitz-September-05-2023"]
[Site "Chess.com"]
[Date "2023.09.05"]
[Round "7"]
[White "Langua_Chess"]
[Black "ChessSwole"]
[Result "0-1"]
[WhiteElo "2482"]
[BlackElo "2676"]
[TimeControl "180+1"]
[EndTime "15:17:55 PDT"]
[Termination "ChessSwole won by checkmate"]

1. d4 Nf6 2. c4 e6 3. Nc3 Bb4 4. f3 d5 5. a3 Bxc3+ 6. bxc3 c5 7. cxd5 Nxd5 8. Qd3 f5 9. e4 fxe4 10. fxe4 Nf6 11.
Nf3 O-O 12. Bg5 Qa5 13. e5 Ne4 14. Rc1 Rxf3 15. gxf3 Nxg5 16. Rg1 Nf7 17. f4 cxd4 18. Qg3 g6 19. Bd3 Qxa3 20. Kf2 Kf8 21. Bxg6 hxg6 22. Qxg6 Nc6 23. Qg7+ Ke8 24. Qf6 Qe7 25. Rg8+ Kd7 26. Qg6 b6 27. cxd4 Bb7 28. d5 Rxg8 29. dxc6+ Bxc6 30. Qxg8 Nh6 31. Qb8 Qh4+ 32. Ke3 Nf5+ 33. Kd3 Qh3+ 34.
Kc4 Bd5+ 35. Kb4 Qb3# 0-1

[Event "Late-Titled-Tuesday-Blitz-September-05-2023"]
[Site "Chess.com"]
[Date "2023.09.05"]
[Round "7"]
[White "Bauman_Guy"]
[Black "BillieKimbah"]
[Result "1-0"]
[WhiteElo "2906"]
[BlackElo "3034"]
[TimeControl "180+1"]
[EndTime "15:17:57 PDT"]
[Termination "Bauman_Guy won on time"]

1. e4 c5 2. Nf3 e6 3. d4 cxd4 4. Nxd4 Nc6 5. Nc3 Qc7 6. g3 a6 7. Bg2 Nf6 8. O-O h5 9. h3 d6 10. a4 Be7 11. Nxc6 bxc6 12. a5 Bb7 13. Be3 c5 14.
Re1 Rd8 15. Bg5 Nh7 16. Bxe7 Qxe7 17. Qxh5 O-O 18. Na4 Nf6 19. Qe2 Nd7 20. Red1 Ne5 21. Nb6 f5 22. f4 Nc6 23. c3 fxe4 24. Qxe4 Nxa5 25. Nd5 Qf7 26. Rxa5 Bxd5 27. Qe2 Bxg2 28. Kxg2 Qb7+ 29. Kh2 Rfe8 30. Rxa6 Rb8 31. Rd2 e5 32. f5 d5 33. Rg6 Qf7 34. Qg4 Kf8 35. Rf2 e4 36. f6 e3 37. fxg7+ Kg8 38. Rxf7 Rxb2+ 39. Kg1 Rb1+ 40. Rf1 1-0

[Event "Late-Titled-Tuesday-Blitz-September-05-2023"]
[Site "Chess.com"]
[Date "2023.09.05"]
[Round "7"]
[White "temus_galaktionov"]
[Black "subham777"]
[Result "1-0"]
[WhiteElo "2813"]
[BlackElo "2557"]
[TimeControl "180+1"]
[EndTime "15:17:59 PDT"]
[Termination "temus_galaktionov won by resignation"]

1. d4 d5 2. Nf3 Nf6 3. c4 e6 4. Nc3 Be7 5. Bf4 O-O 6. e3 Ne4 7. Qc2 f5 8. cxd5 exd5 9. Nxd5 c6 10. Nc7 Bb4+ 11. Kd1 Bd6 12. Bxd6 Nxd6 13. Nxa8 Be6 14. Qc5 Ne4 15. Qc2 Nd7 16. Bc4 Bxc4 17. Qxc4+ Kh8 18. Ke2 Qxa8 19. Nd2 Nef6 20. Nf3 Qe8 21. Rhe1 Ne4 22. Qb3 Nb6 23. h3 g5 24. Ne5 f4 25.
f3 Ng3+ 26. Kf2 Qh5 27. exf4 gxf4 28. Qe6 Nd5 29. Ng4 Qh4 30. Kg1 Nf5 31. Re5 Nde3 32. Nxe3 Nxe3 33. Qe7 Qxe7 34. Rxe7 Rg8 35. g4 fxg3 36.
Rxe3 Rd8 37. Rae1 1-0

[Event "Late-Titled-Tuesday-Blitz-September-05-2023"]
[Site "Chess.com"]
[Date "2023.09.05"]
[Round "7"]
[White "Dzidzik2203"]
[Black "DefiantChair"]
[Result "1-0"]
[WhiteElo "2388"]
[BlackElo "2648"]
[TimeControl "180+1"]
[EndTime "15:17:59 PDT"]
[Termination "Dzidzik2203 won by resignation"]

1. d4 Nf6 2. Nf3 d5 3. c4 e6 4. Nc3 Bb4 5. Qa4+ Nc6 6. e3 O-O 7. Qc2 Re8 8. Bd2 a6 9. a3 Bf8 10. Rd1 dxc4 11. Bxc4 b5 12. Bd3 Bb7 13. Ne4 e5 14. dxe5 Nxe5 15. Nxe5 Rxe5 16. Bc3 Qe7 17. Bxe5 Qxe5 18. Nxf6+ gxf6 19. Bxh7+ Kg7 20. Rd4 Bd6 21. Be4 c6 22. g3 Rc8 23. O-O f5 24. Bg2 Rc7 25.
Rfd1 Bf8 26. Rf4 Be7 27. Rxf5 Qe6 28. Rd4 c5 29. Rg4+ Kf8 30. Bxb7 Rxb7 31. Qe4 Qxe4 32.
Rxe4 Rd7 33. Rfe5 Bf6 34. Rxc5 Bxb2 35. a4 Ba3 36. Rc8+ Kg7 37. axb5 axb5 38. Rb8 b4 39. Kg2 Rd3 40. Rbxb4 Bxb4 41. Rxb4 Kg6 42. h4 Rd2 43.
Kf3 Rc2 44. g4 f6 45. Kg3 Rd2 46. Rb6 Kg7 47. f3 Re2 48. e4 Ra2 49. Kf4 Kg6 50. g5 Kh5 51. Rxf6 Ra6 52. Rxa6 1-0

[Event "Late-Titled-Tuesday-Blitz-September-05-2023"]
[Site "Chess.com"]
[Date "2023.09.05"]
[Round "7"]
[White "DTChess"]
[Black "farzadbfd"]
[Result "0-1"]
[WhiteElo "2473"]
[BlackElo "2686"]
[TimeControl "180+1"]
[EndTime "15:18:00 PDT"]
[Termination "farzadbfd won on time"]

1. e4 e5 2. Nf3 Nc6 3. Bb5 a6 4. Ba4 Nf6 5. O-O b5 6. Bb3 Bc5 7. c3 d6 8. h3 h6 9. d4 Bb6 10. Be3 O-O 11. Re1 Re8 12. d5 Ne7 13. Bxb6 cxb6 14.
Nbd2 Ng6 15. Nf1 Nh5 16. Ng3 Nhf4 17. Ne2 Qf6 18. Nxf4 Nxf4 19. Nh2 Qg6 20. Qf3 Nxh3+ 21. Kh1 Ng5 22. Qe3 Rb8 23. a4 bxa4 24. Bxa4 b5 25. Bc2 Rf8 26. Qa7 Bb7 27. Re3 Bxd5 28. Rxa6 Bxe4 29.
Bxe4 Nxe4 30. Kg1 b4 31. c4 Nc5 32. Ra1 Qc2 33. b3 Nxb3 34. Rf1 Nd4 35. Nf3 Nxf3+ 36. Rxf3 Qxc4 37. Rd1 b3 38. Qa1 b2 39. Qb1 Rfc8 40.
Kh2 Qc1 41. Rxc1 bxc1=Q 42. Qf5 Qc4 43. Rg3 Qh4+ 0-1

[Event "Late-Titled-Tuesday-Blitz-September-05-2023"]
[Site "Chess.com"]
[Date "2023.09.05"]
[Round "7"]
[White "Boorchess"]
[Black "Truequitos"]
[Result "0-1"]
[WhiteElo "2548"]
[BlackElo "2446"]
[TimeControl "180+1"]
[EndTime "15:18:01 PDT"]
[Termination "Truequitos won on time"]

1. d4 Nf6 2. c4 d6 3. Nf3 g6 4.
Nc3 Bf5 5. Nh4 Bd7 6. e4 e5 7.
Nf3 exd4 8. Nxd4 Bg7 9. f3 O-O 10. Be3 Nc6 11. Be2 Re8 12. O-O Nh5 13. Nxc6 bxc6 14. Qd2 Be6 15. Rac1 Qh4 16. Bf2 Qf4 17. Be3 Qh4 18. Bf2 Qe7 19. Rfe1 Be5 20. g3 a5 21. b3 Bg7 22. g4 Nf6 23. Bf1 h5 24. g5 Nd7 25. Nd5 cxd5 26. exd5 Ne5 27. Bg2 Bh3 28. f4 Bxg2 29. Kxg2 Qd7 30. fxe5 Qg4+ 31.
Bg3 h4 32. Qd3 hxg3 33. Re4 Qxg5 34. Rg1 Bxe5 35. h4 Qf5 36. Rf1 Qh5 37. Qe3 f5 0-1

[Event "Late-Titled-Tuesday-Blitz-September-05-2023"]
[Site "Chess.com"]
[Date "2023.09.05"]
[Round "7"]
[White "talaicito"]
[Black "kacprekt"]
[Result "0-1"]
[WhiteElo "2265"]
[BlackElo "2423"]
[TimeControl "180+1"]
[EndTime "15:18:01 PDT"]
[Termination "kacprekt won on time"]

1. d4 g6 2. Nc3 Bg7 3. e4 d6 4. Bf4 a6 5. Qd2 b5 6. h4 h6 7.
f3 Bb7 8. h5 g5 9. Be3 Nd7 10.
Nge2 Rc8 11. Ng3 e6 12. d5 Ne7 13. Bd4 e5 14. Be3 O-O 15. Bd3 Nc5 16. Bxg5 hxg5 17. h6 Bf6 18. Nh5 Ng6 19. Ne2 Kh8 20. Neg3 Nf4 21.
Nf5 Ncxd3+ 22. cxd3 c6 23. dxc6 Bxc6 24. Nhg7 Bd7 25.
g3 Ng6 26. Nxd6 Rc6 27. Ndf5 Kh7 28. Nh5 Bxf5 29. exf5 Nh8 30. g4 Rd6 31. O-O-O Be7 32. Ng3 f6 33. Ne4 Rd4 34. Kb1 Bb4 35. Qc2 Nf7 36.
Qh2 Nd6 37. Qh5 Qe8 38. Qh2 Nxe4 39. fxe4 Qf7 40. a3 Ba5 41. Qe2 Rfd8 42. Rd2 Bxd2 43. Qxd2 Rxd3 44. Qa5 Rd1+ 45. Rxd1 Rxd1+ 46. Kc2 Rd4 47. b3 Rxe4 48. Qxa6 Qc7+ 0-1

[Event "Late-Titled-Tuesday-Blitz-September-05-2023"]
[Site "Chess.com"]
[Date "2023.09.05"]
[Round "7"]
[White "platy3"]
[Black "lachesisQ"]
[Result "0-1"]
[WhiteElo "2907"]
[BlackElo "3085"]
[TimeControl "180+1"]
[EndTime "15:18:04 PDT"]
[Termination "lachesisQ won by resignation"]

1. e4 c5 2. Nf3 d6 3. Bd3 Nc6 4. O-O g6 5. Re1 Bg7 6. Bb5 e5 7. c3 Ne7 8. d4 exd4 9. cxd4 cxd4 10. Nxd4 O-O 11. Nxc6 bxc6 12. Ba4 Rb8 13. Nc3 Be6 14. Re2 d5 15. exd5 Nxd5 16. Nxd5 Bxd5 17. Be3 Bxb2 18. Rb1 Bg7 19. Rxb8 Qxb8 20. Bb3 Rd8 21. Rd2 Bf6 22. h3 Bxb3 23. Rxd8+ Bxd8 24. axb3 Bb6 25. Bxb6 axb6 26. Qd7 c5 27. Qc6 h5 28.
h4 Qd8 29. Qb5 Qd6 30. g3 Kg7 31. Kg2 Kf6 32. Kg1 Ke6 33. Qe8+ Kf6 34. Qh8+ Ke7 35.
Qc3 b5 36. Qe3+ Kf8 37. Qe2 Qc6 38. Qe5 Kg8 39. Qb8+ Kh7 40. Qf8 Qc7 41. Kf1 c4 42.
bxc4 Qxc4+ 43. Ke1 b4 44. Kd2 b3 45. Qe7 Qc2+ 46. Ke3 Qc3+ 47. Ke2 Kg7 48. Qb7 b2 0-1

[Event "Late-Titled-Tuesday-Blitz-September-05-2023"]
[Site "Chess.com"]
[Date "2023.09.05"]
[Round "7"]
[White "ridnani2021"]
[Black "Murad_Ibrahimli"]
[Result "1-0"]
[WhiteElo "2603"]
[BlackElo "2909"]
[TimeControl "180+1"]
[EndTime "15:18:04 PDT"]
[Termination "ridnani2021 won on time"]

1. e4 e5 2. Nf3 Nc6 3. d4 exd4 4.
Nxd4 Nf6 5. Nxc6 bxc6 6. e5 Qe7 7. Ke2 Nd5 8. Qd4 f6 9. f4 fxe5 10. Qxe5 Qxe5+ 11. fxe5 Be7 12. c4 Nb4 13. Kd1 O-O 14.
a3 Na6 15. b4 d6 16. exd6 cxd6 17. Be2 Rf2 18. Rg1 Be6 19. Nc3 Bf6 20. Ne4 Bxa1 21. Nxf2 Bd4 22. Rf1 Nc7 23. Ne4 d5 24. Ng5 Bd7 25.
Bf4 Ne8 26. cxd5 cxd5 27. Ba6 Nf6 28. Re1 h6 29. Ne6 Bb2 30. Nc5 Bf5 31. Bc1 Bc3 32. Re7 Kf8 33. Rb7 Ng4 34. h3 Re8 35. Bd2 Nf2+ 36.
Kc1 Bd4 37. g4 Bg6 38. Rd7 Re5 39. Rxa7 1-0

[Event "Late-Titled-Tuesday-Blitz-September-05-2023"]
[Site "Chess.com"]
[Date "2023.09.05"]
[Round "7"]
[White "GaiozNigalidze"]
[Black "Polish_fighter3000"]
[Result "1-0"]
[WhiteElo "2779"]
[BlackElo "3061"]
[TimeControl "180+1"]
[EndTime "15:18:04 PDT"]
[Termination "GaiozNigalidze won on time"]

1. Nf3 c5 2. c4 g6 3. g3 Bg7 4. Bg2 Nc6 5. O-O e5 6. Nc3 Nge7 7. Ne1 d6 8. Nc2 Be6 9. Ne3 O-O 10. Ned5 Rb8 11. d3 a6 12. a4 h6 13. Bd2 f5 14. e3 a5 15. Nxe7+ Qxe7 16. Nd5 Qf7 17. Bc3 g5 18. f4 Kh8 19. fxg5 hxg5 20. g4 f4 21. Qf3 Bf6 22. Rae1 Ne7 23. Nxf6 Qxf6 24. exf4 gxf4 25. h4 Qxh4 26. Rxe5 dxe5 27. Bxe5+ Kg8 28.
Bxb8 Nc6 29. Qe4 Qxg4 30. Rxf4 Rxf4 31. Bxf4 Nd4 32. Kf2 Bf5 33. Qe8+ Kh7 34. Qf7+ Qg7 35. Qh5+ Kg8 36. Bd5+ Be6 37. Qe8+ Kh7 38. Bxe6 1-0

[Event "Late-Titled-Tuesday-Blitz-September-05-2023"]
[Site "Chess.com"]
[Date "2023.09.05"]
[Round "7"]
[White "ErikRonka"]
[Black "IlanSchnaider"]
[Result "0-1"]
[WhiteElo "2487"]
[BlackElo "2741"]
[TimeControl "180+1"]
[EndTime "15:18:07 PDT"]
[Termination "IlanSchnaider won on time"]

1. e4 c5 2. Nf3 d6 3. Bb5+ Bd7 4. Bxd7+ Qxd7 5. c4 Nf6 6. Nc3 g6 7. d4 cxd4 8. Nxd4 Bg7 9. b3 O-O 10. Bb2 Nc6 11. O-O Rac8 12. Nd5 Nxe4 13. Re1 f5 14. f3 Nxd4 15. Bxd4 e5 16. Bxa7 Nc5 17. Nb6 Qc6 18. Nxc8 Rxc8 19. Bxc5 Qxc5+ 20. Kh1 e4 21. Rc1 e3 22. f4 Bd4 23. h3 Re8 24. b4 Qa7 25.
c5 dxc5 26. bxc5 Re4 27. Qb3+ Kg7 28. Rb1 Qxc5 29. Qxb7+ Re7 30. Qf3 Bc3 31. Re2 Re4 32. Rc1 Qd4 33. Rec2 Rxf4 34. Qb7+ Kh6 35. Rxc3 e2 36.
Kh2 Rf1 37. Qc8 Qf4+ 0-1

[Event "Late-Titled-Tuesday-Blitz-September-05-2023"]
[Site "Chess.com"]
[Date "2023.09.05"]
[Round "7"]
[White "GMForgacs"]
[Black "szachuspl"]
[Result "0-1"]
[WhiteElo "2402"]
[BlackElo "2548"]
[TimeControl "180+1"]
[EndTime "15:18:07 PDT"]
[Termination "szachuspl won by resignation"]

1. e4 g6 2. d4 Bg7 3. Nc3 c5 4. d5 d6 5. Nf3 a6 6. Bd3 b5 7.
O-O Bg4 8. Re1 Nd7 9. h3 Bxf3 10.
Qxf3 Ngf6 11. a4 c4 12. Bf1 Rb8 13. axb5 axb5 14. Ra7 O-O 15. Qg3 Nc5 16. Bf4 b4 17. Na4 Nfxe4 18. Qf3 Nxa4 19. Qxe4 Nxb2 20. Qxe7 Qxe7 21.
Rexe7 Bd4 22. Rac7 b3 23. cxb3 cxb3 24. Bxd6 Nd1 25.
Red7 Rfd8 26. Rxd8+ Rxd8 27. Bg3 b2 28. Rb7 Rxd5 29.
Bc4 Rf5 30. Kf1 Nxf2 31. Bxf2 Rxf2+ 32. Ke1 h5 33. g4 hxg4 34. hxg4 Kg7 35. Bd3 Rg2 36.
Be2 Rg1+ 37. Bf1 Rxg4 38. Kd2 Rg1 39. Bd3 Be5 40. Kc2 g5 41. Rb5 Bf6 42. Kd2 g4 43. Rb7 g3 44. Ke2 Bd4 45. Kf3 g2 46. Rb4 Rd1 47.
Rxd4 Rxd3+ 48. Rxd3 g1=Q 49. Ke4 Qg6+ 50. Kd4 Qxd3+ 51.
Kxd3 b1=Q+ 52. Kc3 Qe4 0-1

[Event "Late-Titled-Tuesday-Blitz-September-05-2023"]
[Site "Chess.com"]
[Date "2023.09.05"]
[Round "7"]
[White "MajorCoast"]
[Black "Akhayan"]
[Result "0-1"]
[WhiteElo "2276"]
[BlackElo "2356"]
[TimeControl "180+1"]
[EndTime "15:18:07 PDT"]
[Termination "Akhayan won on time"]

1. d4 Nf6 2. Nf3 g6 3. Nbd2 Bg7 4. e4 d6 5. Bd3 O-O 6. O-O Bg4 7. h3 Bxf3 8. Nxf3 Nc6 9. Re1 e5 10. dxe5 Nxe5 11. Nxe5 dxe5 12. Be3 c6 13. Bc4 Qc7 14. Bc5 Rfd8 15. Qe2 b6 16. Ba3 c5 17. Rad1 Rd4 18. f3 Rad8 19. c3 R4d6 20. b4 cxb4 21. Bxb4 Rxd1 22. Rxd1 Nh5 23. Rxd8+ Qxd8 24. Qd3 Qxd3 25. Bxd3 Nf4 26. Bc4 Bf8 27. Kf2 a5 28. Bxf8 Kxf8 29. h4 Ke7 30. g3 Nh5 31. a4 h6 32. g4 Nf4 33. Bb5 g5 34. hxg5 hxg5 35. Ke3 Kd6 36. Bc4 f6 37. Bb5 Kc5 38. Ba6 Ne6 39. Kd3 Nd8 40. Bb5 Nf7 41. Ba6 Nd6 42. Ke3 Nc4+ 43.
Kd3 Nb2+ 44. Kc2 Nxa4 45. Kb3 b5 46. c4 Nb6 47. cxb5 Kd4 48. Bb7 Ke3 49. Bd5 Kxf3 50. Kc3 Kxg4 51. Kd3 Kf3 52. Be6 g4 53. Kd2 g3 54.
Bh3 Kf2 0-1

[Event "Late-Titled-Tuesday-Blitz-September-05-2023"]
[Site "Chess.com"]
[Date "2023.09.05"]
[Round "7"]
[White "egnfanclub"]
[Black "canary2016"]
[Result "0-1"]
[WhiteElo "2293"]
[BlackElo "2078"]
[TimeControl "180+1"]
[EndTime "15:18:08 PDT"]
[Termination "canary2016 won by resignation"]

1. e4 e5 2. Nc3 Nf6 3. f4 exf4 4. e5 Ng8 5. Nf3 Nc6 6. d4 d6 7. Bb5 dxe5 8. d5 a6 9. Ba4 b5 10. Nxb5 axb5 11. Bxb5 Bd7 12. dxc6 Be6 13. Qxd8+ Rxd8 14. Nxe5 Bd6 15. Nf3 Nf6 16. O-O O-O 17. Ng5 Bg4 18. Bd3 h6 19. Ne4 Nxe4 20. Bxe4 Bc5+ 21. Kh1 Be2 22. Re1 Rfe8 23. Bf3 Bxf3 24. Rxe8+ Rxe8 25. gxf3 Re1+ 26. Kg2 Be3 27. Bxe3 Rxa1 28. Bxf4 Rxa2 29. Be5 Ra6 30. c3 Rxc6 31. f4 f6 32. Bd4 Kf7 33. Kf3 Ra6 34. b4 Ke6 35. b5 Ra2 36. h3 Rb2 37. c4 Rb4 38. Ke3 Rxc4 39. b6 cxb6 40. Bxb6 g6 41. Bd4 Rc1 42. Kf3 Kf5 43. Kg3 Rc4 44. Be3 Rc3 45. Kf2 Ke4 46. Bd2 Rc2 47.
Ke1 Kd3 48. Bb4 Rh2 49. Be7 Re2+ 50. Kd1 Rxe7 0-1

[Event "Late-Titled-Tuesday-Blitz-September-05-2023"]
[Site "Chess.com"]
[Date "2023.09.05"]
[Round "7"]
[White "santosalberto1987"]
[Black "vanyakuba"]
[Result "1-0"]
[WhiteElo "2549"]
[BlackElo "2406"]
[TimeControl "180+1"]
[EndTime "15:18:09 PDT"]
[Termination "santosalberto1987 won on time"]

1. e4 d5 2. exd5 Qxd5 3. Nf3 Nf6 4. d4 Bg4 5. Be2 Nc6 6. Be3 O-O-O 7. Nbd2 e5 8. c4 Qa5 9. d5 Nb4 10. a3 Bxf3 11.
gxf3 Nbxd5 12. cxd5 Nxd5 13. b4 Nxe3 14. bxa5 Nxd1 15.
Rxd1 Bxa3 16. O-O Bb4 17. Nc4 f6 18. h4 Rxd1 19. Rxd1 Rd8 20. Rxd8+ Kxd8 21. h5 Ke7 22. Bd3 h6 23. Be4 c6 24. a6 bxa6 25. Bxc6 Bc3 26.
Kf1 f5 27. Ke2 Kf6 28. Be8 Bd4 29. Bg6 Kg5 30. Nd6 a5 31. Nxf5 a4 32. Nxd4 exd4 33. Bf7 Kf4 34. Bd5 a3 35. Kd3 a2 36. Bxa2 Kxf3 37. Kxd4 Kxf2 38. Bf7 Kg3 39. Kc5 Kg4 40. Kb5 Kg5 41. Ka6 Kf6 42. Bg6 Ke7 43. Kxa7 Kf8 44. Bh7 Kf7 45. Kb6 Kf8 46. Kc5 Kf7 47. Kd6 Kf8 48. Ke6 Ke8 49. Bg8 Kf8 50. Bf7 1-0

[Event "Late-Titled-Tuesday-Blitz-September-05-2023"]
[Site "Chess.com"]
[Date "2023.09.05"]
[Round "7"]
[White "PotapovaM"]
[Black "whiteglovethief"]
[Result "0-1"]
[WhiteElo "2652"]
[BlackElo "2508"]
[TimeControl "180+1"]
[EndTime "15:18:13 PDT"]
[Termination "whiteglovethief won by resignation"]

1. Nf3 Nf6 2. g3 g6 3. Bg2 Bg7 4. O-O O-O 5. d4 d6 6. c4 c5 7. dxc5 dxc5 8. Qxd8 Rxd8 9. Nc3 Nc6 10. Be3 Nd4 11.
Rac1 Ng4 12. Rfd1 Nxe3 13. fxe3 Nxf3+ 14. Bxf3 Rxd1+ 15. Rxd1 Be6 16. Bd5 Bxc3 17. bxc3 Rd8 18. Kf2 Kg7 19. a4 Bc8 20. Rb1 b6 21. a5 e6 22. Bf3 Rd6 23. Kf1 Ba6 24. Ke1 Bxc4 25. axb6 axb6 26. Ra1 Bd5 27. e4 Bb3 28. e5 Rd7 29. Ra6 b5 30. Rb6 Ba4 31. Kf2 Rd2 32. Bc6 Rc2 33. Bxb5 Bxb5 34. Rxb5 Rxc3 35. Ke1 g5 36. Kd2 Rc4 37. Kd3 Rc1 38. Kd2 Rh1 39. Rxc5 Rxh2 40. Ke3 Kg6 41. Kf3 h5 42. Ra5 h4 43.
gxh4 Rxh4 44. e4 Rf4+ 45. Ke3 Rf1 46. Rb5 g4 47. Ke2 Rf4 48. Ke3 Kg5 49. Rb8 Rf3+ 50.
Ke2 Kf4 51. Rg8 Re3+ 52. Kf2 Rxe4 53. Rg7 Kxe5 54. Rxf7 Rf4+ 0-1

[Event "Late-Titled-Tuesday-Blitz-September-05-2023"]
[Site "Chess.com"]
[Date "2023.09.05"]
[Round "7"]
[White "Sina_Movahed"]
[Black "kleinebeer98"]
[Result "1-0"]
[WhiteElo "2989"]
[BlackElo "2857"]
[TimeControl "180+1"]
[EndTime "15:18:14 PDT"]
[Termination "Sina_Movahed won by resignation"]

1. Nf3 d5 2. g3 Nc6 3. c4 d4 4. Bg2 e5 5. d3 Bb4+ 6. Bd2 a5 7. O-O Nge7 8. a3 Bd6 9. Qc2 Ng6 10. Bc1 O-O 11.
Nbd2 f5 12. b3 Qe7 13. Bb2 Bd7 14. e3 dxe3 15. fxe3 Bc5 16. d4 exd4 17. exd4 Bxd4+ 18.
Nxd4 Qe3+ 19. Kh1 Nxd4 20. Bxd4 Qxd4 21. Rad1 Bc6 22. Bxc6 bxc6 23. Rxf5 Rxf5 24. Qxf5 Rd8 25. Qe6+ Kh8 26. Qe2 h6 27. h4 Ne5 28. Re1 Nd3 29.
Rf1 Nc5 30. Rf2 Qa1+ 31. Kg2 Qxa3 32. Qe7 Rg8 33. Ne4 Qxb3 34. Qxc5 a4 35. Rf3 Qc2+ 36.
Nf2 Qb2 37. Kh3 Qe2 38. Rf4 Re8 39. Ng4 Qd1 40. Qxc6 Rg8 41. Nxh6 Qh1+ 42. Qxh1 1-0